 Dungeon Crawl Stone Soup version 0.30-a0-360-g447f08457e (webtiles) character file.

Game seed: 16164914748666811704

4388 bande the Cleaver (level 10, -1/61 HPs)
             Began as a Gargoyle Fighter on Nov 14, 2022.
             Was a High Priest of Okawaru.
             Slain by an orc warrior
             ... wielding a +0 glaive
              (12 damage)
             ... in a bailey.
             The game lasted 00:14:20 (8082 turns).

bande the Cleaver (Gargoyle Fighter)                Turns: 8082, Time: 00:14:21

Health: -1/61      AC: 20    Str: 20    XL:     10   Next: 35%
Magic:  23/23      EV:  9    Int: 16    God:    Okawaru [*****.]
Gold:   566        SH:  5    Dex: 13    Spells: 9/9 levels left

rFire   . . .      SeeInvis .    v - +7 war axe of Qyskurchoe {vorpal, *Rage MP+9 Int+7 Stlth+}
rCold   . . .      Faith    .    c - +0 buckler
rNeg    + . .      Spirit   .    j - +4 scale mail of Amorality {Slay+2}
rPois   ∞          Reflect  .    (no helmet)
rElec   +          Harm     .    (no cloak)
rCorr   .          Rampage  .    (no gloves)
Will    .....      Rage     20%  n - +0 pair of boots
Stlth   +.........               (no amulet)
HPRegen 0.30/turn                (no ring)
MPRegen 0.18/turn                (no ring)

@: no status effects
A: sickness immunity, AC +7, negative energy resistance 1, electricity
resistance, torment resistance 1, petrification resistance
a: Renounce Religion, Heroism, Finesse, Duel


You were in a bailey.
You worshipped Okawaru.
Okawaru was extremely pleased with you.
You visited 2 branches of the dungeon, and saw 9 of its levels.
You also visited: Bailey.

You collected 566 gold pieces.

Inventory:

Hand Weapons
 a - a +1 war axe of venom
 g - a +0 flail
 v - the +7 war axe of Qyskurchoe (weapon) {vorpal, *Rage MP+9 Int+7 Stlth+}
   (You found it on level 5 of the Dungeon)

   It inflicts extra damage upon your enemies.
   Int:       It affects your intelligence (+7).
   MP:        It affects your magic capacity (+9).
   *Rage:     It berserks you when you make melee attacks (+20% chance).
   Stlth:     It makes you more stealthy.
Armour
 c - a +0 buckler (worn)
 j - the +4 scale mail of Amorality (worn) {Slay+2}
   (You found it on level 7 of the Dungeon)

   Slay:      It affects your accuracy & damage with ranged weapons and melee
   (+2).
 n - a +0 pair of boots (worn)
Jewellery
 z - an amulet of magic regeneration
Wands
 s - a wand of charming (2)
 x - a wand of polymorph (7)
Scrolls
 f - 2 scrolls of poison
 i - 2 scrolls of identify
 k - 3 scrolls of blinking
 l - 5 scrolls of teleportation
 p - 2 scrolls of fear
Potions
 b - 4 potions of mutation
 d - 2 potions of might
 e - 5 potions of curing
 h - 2 potions of heal wounds
 m - 2 potions of resistance
 o - a potion of experience {unknown}
 q - a potion of brilliance {unknown}
 r - 2 potions of invisibility {unknown}
 t - a potion of cancellation {unknown}
 u - a potion of berserk rage {unknown}
 w - a potion of flight {unknown}


   Skills:
 + Level 6.4 Fighting
 + Level 8.7 Axes
 + Level 7.2 Armour
 + Level 5.0 Shields
 * Level 5.9 Invocations
 * Level 4.7 Evocations


You had 9 spell levels left.
You didn't know any spells.
Your spell library contained the following spells:

 Spells                   Type           Power      Damage    Failure   Level
 Freeze                   Ice            0%         1d3       63%         1
 Slow                     Hex            0%         N/A       63%         1
 Ensorcelled Hibernation  Hex/Ice        0%         N/A       77%         2
 Poisonous Vapours        Pois/Air       0%         N/A       77%         2
 Confusing Touch          Hex            0%         N/A       94%         3
 Frozen Ramparts          Ice            0%         1d1       94%         3
 Hailstorm                Conj/Ice       0%         3d3       94%         3
 Mephitic Cloud           Conj/Pois/Air  0%         N/A       94%         3
 Spider Form              Tmut/Pois      0%         N/A       94%         3
 Vampiric Draining        Necr           0%         2d6       94%         3
 Anguish                  Hex/Necr       0%         N/A       100%        4
 Ice Form                 Ice/Tmut       0%         N/A       100%        4
 Olgreb's Toxic Radiance  Pois           0%         N/A       100%        4
 Ozocubu's Refrigeration  Ice            0%         4d7       100%        7
 Ignition                 Fire           0%         3d3       100%        8
 Cigotuvi's Dreadful Rot  Necr/Pois/Air  Unusable   N/A       N/A         2
 Summon Ice Beast         Ice/Summ       Unusable   N/A       N/A         4

Dungeon Overview and Level Annotations

Branches:
Dungeon (8/15)             Temple (1/1) D:4          Bailey (1/1)
   Lair: D:8-11

Altars:
Ashenzari
Cheibriados
Dithmenos
Elyvilon
Fedhas
Gozag
Hepliaklqana
Kikubaaqudgha
Makhleb
Nemelex Xobeh
Okawaru
Qazlal
Sif Muna
Trog
Uskayaw
Vehumet
Wu Jian
Xom
Yredelemnul
Zin
The Shining One

Shops:
D:2 !   D:6 (   D:7 [

Annotations:
D:4 1 runed translucent door, Crazy Yiuf
D:6 2 transporters, Manisian's ghost, novice OpTm
D:8 3 runed translucent doors, Bravis's ghost, novice GnWn; mcwallace's ghost, novice DEAE


Innate Abilities, Weirdness & Mutations

You are immune to sickness and miasma.
Your stone body is resilient. (AC +7)
You are immune to poison.
You resist negative energy. (rN+)
You are resistant to electric shocks. (rElec)
You are resistant to unholy torment.
You are immune to petrification.


Message History

The orc barely misses you.
The orc warrior hits you with a +0 spear!
The orc warrior hits you but does no damage.
You hit the orc warrior.
The orc warrior is lightly wounded.
You miss the orc warrior. The orc hits you but does no damage.
You block the orc warrior's attack.
The orc warrior hits you from afar with a +0 trident.
The orc warrior hits you but does no damage.
You block the orc's attack.
You slash the orc warrior!
The orc warrior is heavily wounded.
You hit the orc warrior. The orc hits you but does no damage.
The orc warrior hits you from afar with a +0 trident!
You block the orc warrior's attack. The orc barely misses you.
Unknown command.
You closely miss the orc warrior.
The orc warrior is heavily wounded.
You closely miss the orc. You hit the orc warrior.
The orc hits you from afar with a +0 trident.
The orc warrior hits you with a +0 spear.
The orc warrior closely misses you.
The orc warrior hits you with a +0 glaive.
The orc hits you but does no damage. x2
The orc hits you from afar with a +0 halberd.
You hit the orc warrior.
The orc warrior is almost dead.
You hit the orc. You closely miss the orc warrior.
The orc hits you from afar with a +0 trident.
* * * LOW HITPOINT WARNING * * *
The orc warrior hits you from afar with a +0 trident.
* * * LOW HITPOINT WARNING * * *
The orc warrior closely misses you. x2; You block the orc's attack.
The orc hits you but does no damage.
You barely miss the orc warrior.
The orc warrior is almost dead.
You closely miss the orc warrior. You barely miss the orc.
You block the orc's attack.
The orc warrior hits you with a +0 glaive!
You die...

############ ######
##.∩....))).## #.....#
#......#)))..######....o
#.....###)...#..oo#..##...
#∩.....8.....')oooo..8....
#.....###....#.@oo#..##...
#......#.....######.....
##.∩........## #.....#
############ ######


You could see 3 orc warriors and 5 orcs.

Vanquished Creatures
  Pikel (D:4)
  Maggie (D:7)
  5 yaks (D:7)
  2 steam dragons (D:8)
  A centaur (D:7)
  2 ogres
  2 kobold brigands
  2 bullfrogs
  5 necrophages
  5 scorpions
  2 water moccasin zombies (D:6)
  A wyvern zombie (D:6)
  9 wights
  A centaur zombie (D:6)
  2 bullfrog zombies (D:6)
  5 jellies
  A human zombie (D:6)
  An orc priest (D:6)
  4 hounds
  4 iguanas
  5 orc wizards
  A mummy (D:6)
  4 adders
  6 gnolls
  2 shadow imps
  A white imp (D:7)
  A worm (D:2)
  2 dart slugs
  46 orcs
  6 ball pythons
  6 endoplasms
  4 giant cockroaches
  6 goblins
  8 hobgoblins
  3 jackals (D:1)
  20 kobolds
  5 quokkas
  2 bats
  A frilled lizard (D:3)
  7 rats
192 creatures vanquished.

Vanquished Creatures (others)
  4 plants (D:4)
  2 withered plants (D:8)
6 creatures vanquished.

Grand Total: 198 creatures vanquished

Notes
Turn   | Place    | Note
-------+----------+-------------------------------------------
     0 | D:1      | bande the Gargoyle Fighter began the quest for the Orb.
     0 | D:1      | Reached XP level 1. HP: 14/14 MP: 1/1
   168 | D:1      | Reached skill level 2 in Axes
   168 | D:1      | Reached XP level 2. HP: 16/19 MP: 2/2
   280 | D:1      | You fall into a shaft and drop 1 floor!
  1251 | D:1      | Reached XP level 3. HP: 23/23 MP: 3/3
  1548 | D:2      | Found a faded altar of an unknown god.
  1789 | D:2      | Found Ruogot's Distillery.
  2358 | D:3      | Reached XP level 4. HP: 24/28 MP: 4/4
  2368 | D:3      | Reached skill level 3 in Axes
  3074 | D:3      | Reached XP level 5. HP: 33/33 MP: 5/5
  3399 | D:4      | Found a runed translucent door.
  3400 | D:4      | Noticed Crazy Yiuf
  3609 | D:4      | Found a shimmering blue altar of Sif Muna.
  3789 | D:4      | Found a staircase to the Ecumenical Temple.
  3799 | Temple   | Entered the Ecumenical Temple
  3815 | Temple   | Became a worshipper of Warmaster Okawaru
  4086 | D:4      | Reached XP level 6. HP: 10/38 MP: 6/6
  4616 | D:4      | Noticed Pikel
  4641 | D:4      | Killed Pikel
  4641 | D:4      | Reached * piety under Okawaru
  4642 | D:4      | Reached skill level 4 in Axes
  4642 | D:4      | Reached skill level 5 in Armour
  4642 | D:4      | Reached skill level 1 in Evocations
  4642 | D:4      | Reached XP level 7. HP: 14/44 MP: 6/8
  5064 | D:5      | Entered Level 5 of the Dungeon
  5070 | D:5      | Found a radiant altar of Vehumet.
  5313 | D:5      | Identified the +7 war axe of Qyskurchoe {vorpal, *Rage MP+9
                  | Int+7 Stlth+}
  5383 | D:5      | Reached skill level 5 in Axes
  5383 | D:5      | Reached XP level 8. HP: 48/48 MP: 10/10
  5554 | D:5      | Reached ** piety under Okawaru
  5562 | D:5      | Found a broken altar of Ashenzari.
  5567 | D:5      | Reached skill level 5 in Fighting
  5645 | D:5      | Found a sparkling altar of Nemelex Xobeh.
  5867 | D:6      | Found Joudel's Antique Weapon Boutique.
  5890 | D:6      | Noticed Manisian's ghost (novice OpTm)
  5891 | D:6      | Identified the +1 great mace "Orinu Hota" {vamp, rPois
                  | Dex+2}
  5917 | D:6      | Found a transporter.
  5920 | D:6      | Found a transporter.
  6140 | D:6      | Reached skill level 6 in Axes
  6421 | D:6      | Reached XP level 9. HP: 54/54 MP: 11/11
  6423 | D:6      | Reached *** piety under Okawaru
  6467 | D:6      | Found a basalt altar of Yredelemnul.
  6836 | D:7      | Reached skill level 7 in Axes
  6910 | D:7      | Identified the +4 scale mail of Amorality {Slay+2}
  6972 | D:7      | Found Aduexzor's Armour Emporium.
  7019 | D:7      | Reached skill level 5 in Invocations
  7040 | D:7      | Found a shimmering altar of Xom.
  7058 | D:7      | Noticed Maggie
  7069 | D:7      | Killed Maggie
  7069 | D:7      | Reached **** piety under Okawaru
  7118 | D:7      | Reached skill level 8 in Axes
  7137 | D:7      | Reached XP level 10. HP: 60/60 MP: 14/14
  7744 | D:8      | Reached skill level 5 in Shields
  7892 | D:8      | Reached ***** piety under Okawaru
  7922 | D:8      | Found a runed translucent gate.
  7922 | D:8      | Found a runed translucent gate.
  7922 | D:8      | Found a runed translucent gate.
  7932 | D:8      | Noticed mcwallace's ghost (novice DEAE)
  7932 | D:8      | Noticed Bravis's ghost (novice GnWn)
  8000 | D:8      | Found a flagged portal.
  8010 | Bailey   | Entered a bailey
  8082 | Bailey   | Slain by an orc warrior

Illustrated notes

Levels and vault maps discovered:
D:1:      saegor_arrival_simple_d, layout_basic
D:2:      layout_loops_ring, serial_shops, nicolae_shop_stone,
          ebering_ecumenical_altar_hall, chequers_arboretum
D:3:      layout_basic
D:4:      layout_layer_cave, led_sif_book, minmay_temple_entry_gardened_gates,
          chequers_big_river, eino_small_chamber_without_monster,
          uniq_crazy_yiuf_cottage, uniq_pikel
D:5:      layout_loops_ring, nemelex_xobeh_ov_fountains_minmay,
          evilmike_ruin_ashenzari, mainiacjoe_overflow_alcove_2, serial_glass,
          glass_columns_a, glass_columns_a, glass_columns_a, glass_columns_c
D:6:      minmay_razor_zed, layout_loops_ring,
          lemuel_mausoleum_altar_yredelemnul, serial_shops,
          nicolae_stop_n_shop_2, gammafunk_ghost_smash
D:7:      layout_gridville, mainiacjoe_overflow_24_doors, serial_shops,
          kennysheep_mini, st_stairs_1, uniq_maggie
D:8:      layout_rooms, gammafunk_ghost_cemetery, enter_bailey_4,
          kennysheep_generic_room_15
Temple:   hellmonk_temple_two_chambers
Bailey:   bailey_polearm_5, bailey

Skill      XL: |  1  2  3  4  5  6  7  8  9 10 |
---------------+-------------------------------+-----
Axes           | 2 3 4 5 6 8 |  8.7
Armour         | 4 5 6 7 |  7.2
Fighting       | 4 5 6 |  6.4
Shields        | 4 5 |  5.0
Invocations    | 2 3 5 |  5.9
Evocations     | 1 2 3 4 |  4.7

Action                   |  1- 3 |  4- 6 |  7- 9 | 10-12 || total
-------------------------+-------+-------+-------+-------++-------
Melee: War axe           |    99 |   122 |   146 |    74 ||   441
  Use: Scroll            |     6 |     5 |     4 |     1 ||    16
Armor: Scale mail        |    25 |       |     6 |    67 ||    98
       Chain mail        |    19 |    83 |    84 |       ||   186
       Skin              |       |       |       |     5 ||     5
Dodge: Dodged            |    55 |    36 |    49 |    53 ||   193
Block: Buckler           |    21 |    25 |    26 |    36 ||   108

Table legend: (Time is in decaauts)
 A = Elapsed time spent in this place.
 B = Non-inter-level travel time spent in this place.
 C = Inter-level travel time spent in this place.
 D = Time resting spent in this place.
 E = Time spent auto-exploring this place.
 F = Levels seen in this place.
 G = Mean time per level.
                   A        B        C        D        E       F      G
               +--------+--------+--------+--------+--------+-----+--------+
         Total |   8432 |   8174 |    258 |   1025 |   5141 |  10 |  843.2 |
       Dungeon |   8309 |   8051 |    258 |   1025 |   5130 |   8 | 1038.6 |
        Temple |     42 |     42 |      0 |      0 |      7 |   1 |   42.0 |
        Bailey |     80 |     80 |      0 |      0 |      4 |   1 |   80.0 |
               +--------+--------+--------+--------+--------+-----+--------+

Top non-repeatable levels by time:
     D:4: 1814 daAuts
     D:1: 1352 daAuts
     D:2: 1008 daAuts
     D:6: 992 daAuts
     D:7: 938 daAuts
     D:3: 935 daAuts
     D:5: 843 daAuts
     D:8: 423 daAuts
  Bailey: 80 daAuts
  Temple: 42 daAuts
